[Event "Titled Tuesday Blitz November 14 Late 2023"]
[White "reevecanada"]
[Black "Jimenez Ruano, Adrian"]
[BlackFideId "22276050"]
[WhiteElo "2645"]
[BlackElo "2374"]
[Result "1-0"]
[Round "1"]
[TimeControl "180+1"]
[Date "2023.11.14"]
[WhiteClock "0:00:23"]
[BlackClock "0:00:05"]
[Board "92"]

1. e4 c5 2. Nf3 d6 3. Bb5+ Nd7 4. d4 cxd4 5. Nxd4 Nf6 6. O-O g6 7. Re1 Bg7 8. Bf1 O-O 9. c4 a6 10. Nc3 Qc7 11. b3 b5 12. Bb2 bxc4 13. Bxc4 Bb7 14. Nd5 Nxd5 15. exd5 Nb6 16. Rc1 Nxc4 17. bxc4 Rfe8 18. h4 Rab8 19. h5 Qa5 20. a3 Bxd5 21. Nb3 Qa4 22. Bxg7 Qxb3 23. Qxd5 Kxg7 24. h6+ Kg8 25. Qd4 f6 26. Qd5+ Kf8 27. Re6 Qb7 28. Qd4 Qb2 29. Qe3 Rb3 30. Qe1 Rxa3 31. Rd1 a5 32. Rdxd6 Ra1 33. Rd1 Rxd1 34. Qxd1 Qc3 35. Qf1 a4 36. Ra6 a3 37. Qb1 Qb2 38. Qxb2 axb2 39. Rb6 Rc8 40. Rxb2 Rxc4 41. Rb8+ Kf7 42. Rh8 Rh4 43. Rxh7+ Kg8 44. Rg7+ Kf8 45. Rxg6 Kf7 46. Rg7+ Kf8 47. Rh7 Kg8 48. Rxe7 Rxh6 49. g3 Rh5 50. Kg2 Rd5 51. Kf3 Kf8 52. Ra7 Rf5+ 53. Kg2 Rd5 54. f3 Rd2+ 55. Kh3 Rd3 56. Kg4 Rd4+ 57. f4 Rd5 58. Rb7 Kg8 59. Kh4 Kf8 60. g4 Kg8 61. f5 Kf8 62. Kh5 Rd4 63. Kg6 Rxg4+ 64. Kxf6 Ke8 65. Rb8+ Kd7 66. Kf7 Rh4 67. f6 Rg4 68. Rb2 Kd6 69. Rd2+ Ke5 70. Ke7 Kf5 71. f7 Re4+ 72. Kd6 Re6+ 73. Kd7 Rf6 74. Rf2+ Kg6 75. Rxf6+ Kxf6 76. f8=Q+ Kg6 77. Ke6 Kh7 78. Qf3 Kg8 79. Qg3+ Kh8 80. Kf7 Kh7 81. Qh3# 1-0


[Site "https://www.chess.com"]

[Event "Titled Tuesday Blitz November 14 Late 2023"]
[White "Semenenko, Dmytry"]
[Black "GatoRojo150"]
[WhiteFideId "14118645"]
[WhiteElo "2374"]
[BlackElo "2641"]
[Result "1/2-1/2"]
[Round "1"]
[TimeControl "180+1"]
[Date "2023.11.14"]
[WhiteClock "0:00:04"]
[BlackClock "0:00:14"]
[Board "93"]

1. Nf3 d5 2. c4 dxc4 3. e4 Be6 4. Ng5 Qd7 5. Nxe6 Qxe6 6. Qa4+ Nc6 7. Qxc4 Qxc4 8. Bxc4 Nd4 9. Na3 e6 10. O-O Bxa3 11. bxa3 O-O-O 12. d3 Nf6 13. Bb2 Kb8 14. Rab1 b6 15. a4 a5 16. e5 Ng4 17. Rfe1 Nh6 18. Re4 Nhf5 19. g4 Nf3+ 20. Kg2 N5h4+ 21. Kg3 g5 22. Bc3 Ka7 23. Bb5 Rd5 24. d4 Rhd8 25. Bc6 Rxd4 26. Bxd4 Nxd4 27. Bb5 c5 28. f4 h6 29. Bf1 Ng6 30. fxg5 hxg5 31. Rd1 Ne7 32. Kf2 Nec6 33. Bb5 Nb4 34. a3 Nd5 35. Rdxd4 cxd4 36. Rxd4 Rh8 37. Kg3 Nf4 38. Bf1 Rb8 39. Rd7+ Rb7 40. Rxb7+ Kxb7 41. h4 Ng6 42. h5 Nxe5 43. Bg2+ Kc7 44. Be4 f6 45. h6 Nf7 46. h7 Kd6 47. Bg6 Nh8 48. Bd3 Ke5 49. Kf3 f5 50. gxf5 exf5 51. Kg3 Kf6 52. Kf3 Nf7 53. Kg3 Nh8 54. Kf3 Kg6 55. Kg3 Kxh7 56. Bxf5+ Kh6 57. Kg4 Ng6 58. Bc2 Ne5+ 59. Kf5 Nc6 60. Ke4 Kh5 61. Kd5 Ne7+ 62. Kd6 Ng6 63. Kc6 Ne5+ 64. Kxb6 Nc4+ 65. Kc5 Nxa3 66. Bd1+ Kh4 67. Kb6 Nc4+ 68. Kb5 Nb2 69. Be2 g4 70. Bxg4 Kxg4 71. Kxa5 Nxa4 1/2-1/2


[Site "https://www.chess.com"]

[Event "Titled Tuesday Blitz November 14 Late 2023"]
[White "Papasimakopoulos, Alexandros"]
[Black "JonasGallasch"]
[WhiteFideId "4244125"]
[WhiteElo "2640"]
[BlackElo "2369"]
[Result "1-0"]
[Round "1"]
[TimeControl "180+1"]
[Date "2023.11.14"]
[WhiteClock "0:02:17"]
[BlackClock "0:00:54"]
[Board "94"]

1. d4 Nf6 2. c4 g6 3. Nc3 d5 4. Nf3 Bg7 5. Qb3 dxc4 6. Qxc4 O-O 7. e4 Nc6 8. Be2 e5 9. d5 Nd4 10. Nxd4 exd4 11. Qxd4 Re8 12. Qd3 Qe7 13. f3 c6 14. dxc6 bxc6 15. Be3 a5 16. O-O Ba6 17. Qc2 Bxe2 18. Qxe2 Nd7 19. Rac1 Reb8 20. b3 Nf8 21. Na4 Ne6 22. Rc4 Be5 23. f4 Bg7 24. e5 Rb5 25. Rxc6 Qd7 26. Rfc1 Rd5 27. Nb6 1-0


[Site "https://www.chess.com"]

[Event "Titled Tuesday Blitz November 14 Late 2023"]
[White "el_sporco"]
[Black "Perske, Thore"]
[BlackFideId "12902195"]
[WhiteElo "2361"]
[BlackElo "2640"]
[Result "1/2-1/2"]
[Round "1"]
[TimeControl "180+1"]
[Date "2023.11.14"]
[WhiteClock "0:00:18"]
[BlackClock "0:00:51"]
[Board "95"]

1. e4 e6 2. d4 d5 3. Nc3 Nf6 4. e5 Nfd7 5. f4 c5 6. Nf3 Nc6 7. Be3 cxd4 8. Nxd4 Qb6 9. Qd2 Qxb2 10. Rb1 Qa3 11. Bb5 Nxd4 12. Bxd4 a6 13. Bxd7+ Bxd7 14. Rxb7 Bb4 15. O-O Bc8 16. Rb6 O-O 17. Rb1 Bc5 18. R6b3 Qa5 19. Qe3 Bxd4 20. Qxd4 Bd7 21. Qb6 Qxb6+ 22. Rxb6 Bb5 23. Rb2 Rfc8 24. Nxb5 axb5 25. R6xb5 h5 26. g3 Ra4 27. Rb8 Rxb8 28. Rxb8+ Kh7 29. Rb2 Kg6 30. Kf2 Kf5 31. Kf3 Ra3+ 32. Rb3 Rxa2 33. Rc3 f6 34. exf6 gxf6 35. h3 e5 36. g4+ hxg4+ 37. hxg4+ Ke6 38. Rc6+ Ke7 39. g5 Ra3+ 40. Kg4 fxg5 41. fxe5 Re3 42. Kf5 g4 43. Rc7+ Kd8 44. Rg7 g3 45. Ke6 d4 46. Kd6 Ke8 47. e6 Kf8 48. Rg4 d3 49. Rf4+ Kg7 50. cxd3 Rxd3+ 51. Ke7 Kg6 52. Kf8 Kg5 53. Rf1 Re3 54. e7 Kg4 55. e8=Q Rxe8+ 56. Kxe8 g2 57. Rg1 Kg3 58. Rxg2+ Kxg2 1/2-1/2


[Site "https://www.chess.com"]

[Event "Titled Tuesday Blitz November 14 Late 2023"]
[White "Ahmad, Khagan"]
[Black "Gerbelli Neto, Eduardo"]
[WhiteFideId "13431552"]
[BlackFideId "2103281"]
[WhiteElo "2638"]
[BlackElo "2360"]
[Result "1-0"]
[Round "1"]
[TimeControl "180+1"]
[Date "2023.11.14"]
[WhiteClock "0:00:05"]
[BlackClock "0:00:06"]
[Board "96"]

1. Nf3 Nf6 2. c4 c5 3. Nc3 d5 4. cxd5 Nxd5 5. g3 Nc6 6. Bg2 Nc7 7. O-O e5 8. d3 Be7 9. Be3 O-O 10. Rc1 b6 11. a3 Rb8 12. Nd2 Nd4 13. Bxd4 exd4 14. Na2 Be6 15. b3 Nd5 16. Nc4 Bf6 17. b4 cxb4 18. Nxb4 Nxb4 19. axb4 Qe7 20. Qd2 Rfc8 21. Rc2 b5 22. Na5 Rxc2 23. Qxc2 Rc8 24. Qd2 Qc7 25. Nc6 Bd7 26. Rc1 Qb6 27. Na5 Be7 28. Rxc8+ Bxc8 29. Nc6 Bf8 30. Qg5 Be6 31. Bd5 Bxd5 32. Qxd5 g6 33. Nxd4 Bxb4 34. Nxb5 a5 35. Nd4 Bc5 36. e3 Bxd4 37. exd4 Qb1+ 38. Kg2 Qxd3 39. Qe5 a4 40. d5 a3 41. Qe8+ Kg7 42. Qe5+ Kg8 43. d6 a2 44. Qa1 Qd5+ 45. f3 Qd2+ 46. Kh3 Qxd6 47. Qxa2 Qe6+ 48. Qxe6 fxe6 49. Kg4 Kf7 50. Kf4 Kf6 51. Ke4 g5 52. h3 h5 53. g4 h4 54. f4 gxf4 55. Kxf4 e5+ 56. Ke4 Ke6 57. g5 Kd6 58. Kf5 Kd5 59. g6 e4 60. g7 e3 61. g8=Q+ 1-0


[Site "https://www.chess.com"]

[Event "Titled Tuesday Blitz November 14 Late 2023"]
[White "Garrido, Denis"]
[Black "Gubajdullin, Alexei"]
[WhiteFideId "601217"]
[BlackFideId "4141202"]
[WhiteElo "2357"]
[BlackElo "2636"]
[Result "1/2-1/2"]
[Round "1"]
[TimeControl "180+1"]
[Date "2023.11.14"]
[WhiteClock "0:00:15"]
[BlackClock "0:00:05"]
[Board "97"]

1. e4 g6 2. d4 Bg7 3. c4 d6 4. Nc3 Nf6 5. Be2 O-O 6. Nf3 Na6 7. O-O e5 8. Be3 Ng4 9. Bg5 f6 10. Bd2 exd4 11. Nxd4 f5 12. Nc2 Qh4 13. Bxg4 fxg4 14. Ne3 Be5 15. g3 Qh3 16. f4 gxf3 17. Rxf3 Be6 18. Qf1 Rxf3 19. Qxf3 Rf8 20. Qg2 Qh5 21. Rf1 Bh3 22. Rxf8+ Kxf8 23. Qf2+ Ke8 24. Ned5 Nc5 25. Nf6+ Bxf6 26. Qxf6 Qe5 27. Qxe5+ dxe5 28. Be3 Nd3 29. b3 a6 30. Nd5 c6 31. Nf6+ Ke7 32. Nxh7 Bg4 33. Ng5 Bd1 34. h4 Kf6 35. Kg2 Nb4 36. a3 Nc2 37. Bc5 Na1 38. b4 Be2 39. Nf3 Bxc4 40. Bd6 Nc2 41. Bxe5+ Ke7 42. Bf4 Nxa3 43. g4 Bd3 44. Nd2 Nc2 45. h5 gxh5 46. gxh5 Kf7 47. Kf3 Nxb4 48. Ke3 Bb1 49. h6 Kg6 50. Kd4 a5 51. Kc4 Ba2+ 52. Kc3 Bg8 53. Bc7 Na2+ 54. Kb2 a4 55. Bf4 b5 56. e5 b4 57. Nb1 a3+ 58. Nxa3 bxa3+ 59. Kxa3 Nc3 60. Kb4 Nd5+ 61. Kc5 Nxf4 62. Kxc6 Kxh6 63. e6 Kg5 64. e7 Bf7 65. Kd7 Nd5 66. e8=Q Nf6+ 67. Ke7 Bxe8 68. Ke6 Bg6 69. Ke5 Bf7 70. Kd6 Kf5 71. Ke7 Bc4 72. Kd6 Ne4+ 73. Ke7 Kg6 74. Kf8 Kh7 75. Ke7 Kg7 76. Kd7 Kf7 77. Kc6 Ke6 78. Kb6 Kd5 79. Ka5 Kc5 80. Ka4 Nc3+ 81. Ka3 Nb5+ 82. Kb2 Kd4 83. Kc1 Bb3 84. Kb2 Ba4 85. Kc1 Kd3 86. Kb2 Kd2 87. Ka2 Kc3 88. Kb1 Nd4 89. Ka2 Bb3+ 90. Kb1 Nb5 91. Ka1 Nd4 92. Kb1 Nc6 93. Ka1 Na5 94. Kb1 Nc6 95. Ka1 Nb4 96. Kb1 Bc2+ 97. Ka1 Nd3 98. Ka2 Nc5 99. Ka1 Nb3+ 100. Ka2 Bd3 101. Ka3 Bb1 102. Ka4 Kc4 103. Ka3 Nc5 104. Kb2 Bd3 105. Ka3 Ne4 106. Kb2 Kb4 107. Ka2 Bc2 108. Kb2 Bb3 109. Kb1 Nc5 110. Kb2 Na4+ 111. Kb1 Kc3 112. Ka1 Nc5 113. Kb1 Nd3 114. Ka1 Nb4 115. Kb1 Nc2 116. Kc1 Ba2 117. Kd1 Nd4 1/2-1/2


[Site "https://www.chess.com"]

[Event "Titled Tuesday Blitz November 14 Late 2023"]
[White "Wieczorek, Oskar"]
[Black "Fernandez Bustamante, Leancy B."]
[WhiteFideId "1133950"]
[BlackFideId "3523870"]
[WhiteElo "2636"]
[BlackElo "2355"]
[Result "1-0"]
[Round "1"]
[TimeControl "180+1"]
[Date "2023.11.14"]
[WhiteClock "0:01:39"]
[BlackClock "0:00:11"]
[Board "98"]

1. e4 c5 2. Nf3 d6 3. d4 cxd4 4. Nxd4 Nf6 5. Nc3 a6 6. h4 e5 7. Nb3 Be6 8. f4 Bg4 9. Be2 Bxe2 10. Qxe2 Nc6 11. g4 h5 12. g5 Ng4 13. Nd5 Be7 14. f5 a5 15. Be3 a4 16. Nd2 Nxe3 17. Qxe3 Nd4 18. O-O-O Rc8 19. c3 a3 20. Kb1 Nb5 21. b3 Nc7 22. Nc4 Nb5 23. Rc1 Rxc4 24. bxc4 Nc7 25. Rhd1 Na6 26. Qb6 Qxb6+ 27. Nxb6 Nc5 28. Re1 Bd8 29. Nd5 Nd3 30. Kc2 Nxe1+ 31. Rxe1 Ba5 32. Rb1 b6 33. Nxb6 Bxb6 34. Rxb6 O-O 35. Rxd6 Rc8 36. Kd3 Rb8 37. c5 Rb2 38. c6 Rb1 39. c7 Rd1+ 40. Kc4 Rxd6 41. c8=Q+ 1-0


[Site "https://www.chess.com"]

[Event "Titled Tuesday Blitz November 14 Late 2023"]
[White "Laskakis, Konstantinos"]
[Black "Golubev, Mikhail"]
[WhiteFideId "42134374"]
[BlackFideId "14100983"]
[WhiteElo "2355"]
[BlackElo "2635"]
[Result "1-0"]
[Round "1"]
[TimeControl "180+1"]
[Date "2023.11.14"]
[WhiteClock "0:00:05"]
[BlackClock "0:00:00"]
[Board "99"]

1. d4 Nf6 2. c4 g6 3. Nc3 Bg7 4. Nf3 O-O 5. Bg5 d6 6. e3 c5 7. d5 e6 8. Nd2 h6 9. Bh4 exd5 10. cxd5 Re8 11. Be2 Nbd7 12. O-O a6 13. a4 Ne5 14. Qc2 Rb8 15. a5 b5 16. axb6 Rxb6 17. Bg3 Nh5 18. Bxe5 Bxe5 19. Nc4 Rb4 20. Nxe5 Rxe5 21. Bxa6 Bf5 22. Qd2 Qb6 23. Ra2 Re8 24. Be2 Nf6 25. Ra6 Qb8 26. Ra2 Kg7 27. f3 Bd7 28. e4 Qb6 29. Kh1 Rb8 30. Rb1 g5 31. h4 gxh4 32. Ra6 Qd8 33. Rxd6 Nh5 34. Qxh6+ Kg8 35. Qxh5 R4b6 36. Qh6 Rxd6 37. Qxd6 Rb6 38. Qf4 Rg6 39. e5 Rg3 40. Bd3 Bh3 41. Rg1 Bd7 42. Qh6 1-0


[Site "https://www.chess.com"]

[Event "Titled Tuesday Blitz November 14 Late 2023"]
[White "Adewumi, Tanitoluwa"]
[Black "Lalanne, Pablo"]
[WhiteFideId "30966396"]
[BlackFideId "112151"]
[WhiteElo "2633"]
[BlackElo "2354"]
[Result "1-0"]
[Round "1"]
[TimeControl "180+1"]
[Date "2023.11.14"]
[WhiteClock "0:01:30"]
[BlackClock "0:00:17"]
[Board "100"]

1. e4 e5 2. Nf3 Nc6 3. Nc3 Nf6 4. Bb5 d6 5. d4 exd4 6. Nxd4 Bd7 7. Nxc6 bxc6 8. Bc4 Be7 9. O-O O-O 10. Bf4 Rb8 11. Bb3 Re8 12. e5 dxe5 13. Bxe5 Be6 14. Bxe6 fxe6 15. Qf3 Rxb2 16. Rad1 Qb8 17. Ne4 Rxc2 18. Bxf6 Bxf6 19. Nxf6+ gxf6 20. Rd7 1-0


[Site "https://www.chess.com"]

[Event "Titled Tuesday Blitz November 14 Late 2023"]
[White "Lebedev, Artem S."]
[Black "Khater, Sherif"]
[WhiteFideId "34272747"]
[BlackFideId "2034280"]
[WhiteElo "2352"]
[BlackElo "2631"]
[Result "0-1"]
[Round "1"]
[TimeControl "180+1"]
[Date "2023.11.14"]
[WhiteClock "0:00:00"]
[BlackClock "0:00:42"]
[Board "101"]

1. e4 a6 2. d4 c6 3. Nf3 d5 4. e5 Bf5 5. Bd3 Bxd3 6. Qxd3 e6 7. O-O Ne7 8. c4 Nf5 9. c5 Be7 10. Nc3 Nd7 11. Ne2 O-O 12. Be3 f6 13. exf6 Bxf6 14. Nf4 Qe7 15. Rae1 Rae8 16. Bd2 Qf7 17. Nxe6 Rxe6 18. Qxf5 Rfe8 19. Rxe6 Qxe6 20. Qxe6+ Rxe6 21. Re1 Re4 22. Bc3 Kf7 23. Rxe4 dxe4 24. Nd2 Ke6 25. Nxe4 Kd5 26. Nxf6+ Nxf6 27. f3 Kc4 28. Kf2 Kd3 29. d5 cxd5 30. Be5 d4 31. g4 Nd7 32. Bxg7 Nxc5 33. h4 Ne6 34. Be5 Kc2 35. f4 d3 36. Bc3 Nxf4 37. h5 d2 38. Bxd2 Kxd2 39. Kf3 Ne6 40. Ke4 Ke2 41. Kf5 Kf3 42. g5 Nf8 43. g6 hxg6+ 44. hxg6 Nxg6 45. Kxg6 Ke3 46. Kf5 Kd3 47. Ke5 Kc2 48. b3 Kb2 49. Kd5 Kxa2 50. b4 Kb3 51. Kc5 Ka4 52. Kb6 Kxb4 0-1


[Site "https://www.chess.com"]

[Event "Titled Tuesday Blitz November 14 Late 2023"]
[White "Sturt, Raven"]
[Black "Van Osch, Mees"]
[WhiteFideId "2007304"]
[BlackFideId "1035967"]
[WhiteElo "2631"]
[BlackElo "2352"]
[Result "1-0"]
[Round "1"]
[TimeControl "180+1"]
[Date "2023.11.14"]
[WhiteClock "0:01:39"]
[BlackClock "0:00:00"]
[Board "102"]

1. f4 d5 2. Nf3 b6 3. e3 Bb7 4. a4 a5 5. b3 g6 6. Bb2 Nf6 7. g4 Bg7 8. g5 Nh5 9. Ne5 Nd7 10. Bb5 Bxe5 11. fxe5 O-O 12. d4 c6 13. Bd3 e6 14. Qg4 Ba6 15. Ba3 Bxd3 16. cxd3 c5 17. Nd2 Rc8 18. O-O Re8 19. Rf2 cxd4 20. exd4 1-0


[Site "https://www.chess.com"]

[Event "Titled Tuesday Blitz November 14 Late 2023"]
[White "Skaric, Djuro"]
[Black "Chor, Kevin"]
[WhiteFideId "934569"]
[BlackFideId "2090740"]
[WhiteElo "2352"]
[BlackElo "2630"]
[Result "1-0"]
[Round "1"]
[TimeControl "180+1"]
[Date "2023.11.14"]
[WhiteClock "0:01:44"]
[BlackClock "0:00:21"]
[Board "103"]

1. g3 Nf6 2. Bg2 g6 3. h3 c5 4. d3 Bg7 5. Nc3 d5 6. e4 d4 7. Nce2 e5 8. f4 Nc6 9. Nf3 O-O 10. O-O Ne8 11. g4 exf4 12. Bxf4 b5 13. Qd2 a5 14. Bh6 Ba6 15. Ng3 c4 16. Rf2 Bxh6 17. Qxh6 Qf6 18. Raf1 Qg7 19. Qf4 cxd3 20. cxd3 Nb4 21. Ne1 Rc8 22. e5 Nc7 23. Ne4 Ne6 24. Nf6+ Kh8 25. Qe4 Rc7 26. a3 Bb7 27. Qe2 Bxg2 28. Rxg2 Nc6 29. h4 Re7 30. Nd5 Rd7 31. Nf6 Re7 32. g5 Nc5 33. Nf3 Nd7 34. Nxd7 Rxd7 35. Qe4 Rc8 36. Rc2 Rdc7 37. Rfc1 f5 38. gxf6 Qd7 39. e6 Qd6 40. Kg2 1-0


[Site "https://www.chess.com"]

[Event "Titled Tuesday Blitz November 14 Late 2023"]
[White "Flameboard08"]
[Black "Weak-Player_EGY"]
[WhiteElo "2628"]
[BlackElo "2352"]
[Result "1-0"]
[Round "1"]
[TimeControl "180+1"]
[Date "2023.11.14"]
[WhiteClock "0:01:54"]
[BlackClock "0:01:47"]
[Board "104"]

1. f4 d5 2. Nf3 Bf5 3. d3 c6 4. Nbd2 Nf6 5. g3 Nbd7 6. Bg2 h6 7. c3 e6 8. O-O Bc5+ 9. d4 Be7 10. Ne5 O-O 11. h3 Ne4 12. Nxe4 Bxe4 13. Bxe4 dxe4 14. e3 f5 15. Qb3 Nxe5 16. fxe5 Qd7 17. Bd2 Kh7 18. Qc2 g5 19. Kh2 c5 20. Rf2 Rac8 21. Qb3 f4 22. exf4 cxd4 23. cxd4 gxf4 24. gxf4 Bh4 25. Rg2 Qxd4 26. Qxb7+ 1-0


[Site "https://www.chess.com"]

[Event "Titled Tuesday Blitz November 14 Late 2023"]
[White "KorolDimitriy75"]
[Black "Thomforde-Toates, Noah"]
[BlackFideId "30951992"]
[WhiteElo "2351"]
[BlackElo "2627"]
[Result "0-1"]
[Round "1"]
[TimeControl "180+1"]
[Date "2023.11.14"]
[WhiteClock "0:00:00"]
[BlackClock "0:01:49"]
[Board "105"]

1. d4 Nf6 2. c4 g6 3. Nc3 Bg7 4. e4 d6 5. Nf3 O-O 6. Be2 e5 7. dxe5 dxe5 8. Qxd8 Rxd8 9. Bg5 Rf8 10. O-O-O c6 11. Nxe5 Nxe4 12. Nxe4 Bxe5 13. f4 Bg7 14. Bf3 Na6 15. Be7 Re8 16. Nf6+ Bxf6 17. Bxf6 Bf5 18. Rhe1 Nb4 19. Rxe8+ Rxe8 20. g3 Nxa2+ 21. Kd2 Re6 22. Bh4 Rd6+ 23. Ke1 Rxd1+ 24. Kxd1 Be6 25. b3 Kf8 26. Bf6 Nb4 27. Kd2 Na6 28. Bd4 Ke7 29. Bxa7 Kd6 30. Be3 Nc5 31. Kc3 Bf5 32. Bd4 Nd7 33. b4 b6 34. g4 Be6 35. h3 c5 36. bxc5+ Nxc5 37. Be5+ Kd7 38. Kd4 Nb3+ 39. Kc3 Na5 40. Kd4 Bxc4 41. Be4 b5 42. f5 Bf1 43. h4 Bh3 44. fxg6 fxg6 45. g5 Nc4 46. Bd5 Nxe5 47. Kxe5 Ke7 48. Bg8 b4 49. Kd4 Be6 0-1


[Site "https://www.chess.com"]

[Event "Titled Tuesday Blitz November 14 Late 2023"]
[White "Erenberg, Ariel"]
[Black "Eggleston, Thomas A"]
[WhiteFideId "2811634"]
[BlackFideId "412139"]
[WhiteElo "2627"]
[BlackElo "2350"]
[Result "1-0"]
[Round "1"]
[TimeControl "180+1"]
[Date "2023.11.14"]
[WhiteClock "0:00:34"]
[BlackClock "0:00:00"]
[Board "106"]

1. Nf3 Nf6 2. d4 e6 3. Bf4 c5 4. c3 d5 5. e3 Nc6 6. Nbd2 Bd6 7. Bg3 O-O 8. Bd3 Qc7 9. dxc5 Bxg3 10. hxg3 h6 11. b4 e5 12. Be2 a5 13. a3 Bf5 14. O-O Bh7 15. Qb3 Ne4 16. Nxe4 dxe4 17. Nd2 Kh8 18. Nc4 f5 19. Nd6 f4 20. exf4 exf4 21. gxf4 Rxf4 22. Rad1 Ne5 23. Qe6 Nf3+ 24. gxf3 exf3 25. Bd3 Bg8 26. Qh3 Qe7 27. Nf5 Qg5+ 28. Ng3 Rh4 29. Qf5 Qd8 30. Qxf3 Qc7 31. Rfe1 axb4 32. axb4 Rd8 33. Be4 Rf4 34. Rxd8 Rxf3 35. Rxg8+ Kxg8 36. Bxf3 Qf4 37. Kg2 Kf8 38. Re3 g6 39. Bxb7 h5 40. Rf3 1-0


[Site "https://www.chess.com"]

[Event "Titled Tuesday Blitz November 14 Late 2023"]
[White "Becerra, Juan David"]
[Black "ArtemDyachuk"]
[WhiteFideId "4404998"]
[WhiteElo "2347"]
[BlackElo "2625"]
[Result "0-1"]
[Round "1"]
[TimeControl "180+1"]
[Date "2023.11.14"]
[WhiteClock "0:00:00"]
[BlackClock "0:00:07"]
[Board "107"]

1. d4 Nf6 2. Nc3 d5 3. Bf4 c6 4. Nf3 Qb6 5. Rb1 Bf5 6. e3 e6 7. Bd3 Bxd3 8. cxd3 Nbd7 9. e4 dxe4 10. dxe4 Qa6 11. b4 Qc4 12. Qb3 Qxb3 13. Rxb3 Be7 14. O-O O-O 15. Re1 b5 16. a4 a6 17. a5 Rfc8 18. Rc1 Ne8 19. Ne2 Nd6 20. Ng3 Nc4 21. Nd2 Nd6 22. e5 Ne8 23. Nde4 Nc7 24. Nd6 Bxd6 25. exd6 Nd5 26. Be3 N7f6 27. f3 Rd8 28. Rxc6 Rac8 29. Rxa6 Rc4 30. Ne4 Nxb4 31. Rb6 Nfd5 32. Rxb5 Nc6 33. Nd2 Ra4 34. Kf2 h5 35. Ne4 Nxa5 36. Nc3 Ra1 37. Nxd5 exd5 38. Rb8 Nxb3 39. Rxd8+ Kh7 40. Rb8 Na5 41. d7 Nc6 42. d8=Q Ra2+ 43. Kg3 Nxd8 44. Rxd8 Ra3 45. Bf4 f6 46. Rxd5 Rd3 47. Rxh5+ Kg6 48. Bd6 Kf7 49. Rd5 Ke6 50. Rc5 Kxd6 51. Kf4 Rxd4+ 52. Kf5 Kxc5 0-1


[Site "https://www.chess.com"]

[Event "Titled Tuesday Blitz November 14 Late 2023"]
[White "Cremisi, Daniel"]
[Black "Ward, Ieuan C"]
[WhiteFideId "2089882"]
[BlackFideId "406627"]
[WhiteElo "2624"]
[BlackElo "2346"]
[Result "0-1"]
[Round "1"]
[TimeControl "180+1"]
[Date "2023.11.14"]
[WhiteClock "0:01:51"]
[BlackClock "0:01:00"]
[Board "108"]

1. d4 e6 2. c4 d5 3. Nc3 Nf6 4. cxd5 exd5 5. Bg5 Be7 6. e3 c6 7. Bd3 O-O 8. Qc2 Nbd7 9. Nge2 Re8 10. O-O Nf8 11. Rae1 Be6 12. f3 Rc8 13. e4 N6d7 14. Bxe7 Qxe7 15. e5 c5 16. f4 Bg4 17. Qd2 Bxe2 18. Bxe2 cxd4 19. Qxd4 Nb6 20. Bf3 Ne6 21. Qd2 d4 22. Ne4 Nc4 23. Qf2 Ne3 24. Nd6 Rc2 25. Re2 Rxe2 26. Bxe2 Nxf1 27. Nxe8 Qxe8 28. Bxf1 Qa4 29. b3 Qb4 30. Bc4 Qc3 31. g3 a6 32. f5 Ng5 33. e6 Nh3+ 34. Kg2 Nxf2 35. e7 Qe3 36. Be6 Qe4+ 37. Kxf2 Qc6 0-1


[Site "https://www.chess.com"]

[Event "Titled Tuesday Blitz November 14 Late 2023"]
[White "Esquivel Golcher, Luis Enrique"]
[Black "Ambartsumova, Karina"]
[WhiteFideId "6600174"]
[BlackFideId "4166299"]
[WhiteElo "2346"]
[BlackElo "2621"]
[Result "1/2-1/2"]
[Round "1"]
[TimeControl "180+1"]
[Date "2023.11.14"]
[WhiteClock "0:00:30"]
[BlackClock "0:00:18"]
[Board "109"]

1. e4 e5 2. Nf3 Nc6 3. Bc4 Nf6 4. O-O Nxe4 5. Nc3 Nxc3 6. dxc3 Be7 7. Qd5 O-O 8. Nxe5 Nxe5 9. Qxe5 c6 10. Re1 Bf6 11. Qg3 d5 12. Bd3 Be6 13. Bf4 Re8 14. Rad1 Qd7 15. h4 Bg4 16. f3 Bf5 17. Bg5 Bxg5 18. hxg5 a5 19. Qf4 Bxd3 20. cxd3 a4 21. a3 Re6 22. Kf2 b5 23. Rxe6 Qxe6 24. Re1 Qd7 25. Qe5 Kf8 26. Qh2 Kg8 27. Qe5 g6 28. Qf6 Re8 29. Re5 Rxe5 30. Qxe5 Qd8 31. f4 Qd7 32. Kf3 Qd8 33. g4 c5 34. d4 c4 35. Kg3 1/2-1/2


[Site "https://www.chess.com"]

[Event "Titled Tuesday Blitz November 14 Late 2023"]
[White "Principe, Gerson"]
[Black "TheAlienParty"]
[WhiteFideId "3804550"]
[WhiteElo "2619"]
[BlackElo "2344"]
[Result "1-0"]
[Round "1"]
[TimeControl "180+1"]
[Date "2023.11.14"]
[WhiteClock "0:01:40"]
[BlackClock "0:00:00"]
[Board "110"]

1. d4 Nf6 2. Nf3 e6 3. c4 d5 4. Nc3 Bb4 5. cxd5 exd5 6. Bg5 h6 7. Bxf6 Qxf6 8. e3 O-O 9. Be2 c6 10. O-O Re8 11. Qc2 Bf8 12. Rac1 a5 13. Ne5 Na6 14. a3 Nc7 15. Bh5 Bf5 16. Qd1 g6 17. Be2 Bd6 18. f4 Bf8 19. Qd2 Be4 20. Rce1 Red8 21. Nxe4 dxe4 22. Qc2 Nd5 23. Qxe4 Qd6 24. Bf3 f5 25. Qc2 Nf6 26. Nxg6 Qe6 27. Ne5 a4 28. Kh1 Rdc8 29. Qd1 c5 30. d5 Qe8 31. g4 Bd6 32. Nc4 Ra6 33. gxf5 Ne4 34. Qe2 b5 35. Nxd6 Nxd6 36. Rg1+ Kh8 37. e4 Ra7 38. Qg2 Qf7 39. Qh3 Re8 40. Rg6 Nxf5 41. Reg1 1-0


[Site "https://www.chess.com"]

[Event "Titled Tuesday Blitz November 14 Late 2023"]
[White "Diaz, Fernando"]
[Black "Sakun, Volodymyr"]
[WhiteFideId "3701255"]
[BlackFideId "14114062"]
[WhiteElo "2342"]
[BlackElo "2617"]
[Result "0-1"]
[Round "1"]
[TimeControl "180+1"]
[Date "2023.11.14"]
[WhiteClock "0:00:00"]
[BlackClock "0:00:13"]
[Board "111"]

1. e4 c5 2. d4 cxd4 3. c3 d5 4. exd5 Qxd5 5. cxd4 Nc6 6. Nf3 e6 7. Nc3 Bb4 8. Be2 Nf6 9. O-O Qd8 10. Bg5 Be7 11. Bb5 O-O 12. Bxc6 bxc6 13. Ne5 Bb7 14. Rc1 c5 15. dxc5 Bxc5 16. Qxd8 Rfxd8 17. Rfd1 Bd4 18. Nc4 Rac8 19. Na5 Ba8 20. Nb3 Bb6 21. Rxd8+ Rxd8 22. Na4 Bxf2+ 23. Kf1 Bb6 24. Nxb6 axb6 25. Nd4 h6 26. Bxf6 gxf6 27. Nb5 Bd5 28. a3 Be4 29. Nc3 Bc6 30. Rc2 Kf8 31. Kf2 Ke7 32. Ke3 f5 33. b4 e5 34. g3 Rd4 35. Ne2 Re4+ 36. Kf2 Ba4 37. Rc3 Bb5 38. Nc1 Rd4 39. Rc2 f4 40. gxf4 Rxf4+ 41. Kg3 f5 42. Rf2 Rxf2 43. Kxf2 f4 44. Kf3 Ke6 45. Nb3 Kf5 46. Nd2 e4+ 47. Kg2 e3 48. Nb3 Ke4 49. Nc1 f3+ 50. Kg3 f2 0-1


[Site "https://www.chess.com"]

[Event "Titled Tuesday Blitz November 14 Late 2023"]
[White "Wadsworth, Matthew J"]
[Black "Harish, Neeraj"]
[WhiteFideId "415804"]
[BlackFideId "30958130"]
[WhiteElo "2617"]
[BlackElo "2341"]
[Result "1-0"]
[Round "1"]
[TimeControl "180+1"]
[Date "2023.11.14"]
[WhiteClock "0:00:55"]
[BlackClock "0:00:02"]
[Board "112"]

1. d4 Nf6 2. Bf4 d5 3. e3 c5 4. c3 Nc6 5. Nd2 Bf5 6. Ngf3 e6 7. Nh4 Bg6 8. Nxg6 hxg6 9. h3 Bd6 10. Bxd6 Qxd6 11. Bb5 a6 12. Bxc6+ Qxc6 13. dxc5 Qxc5 14. Qa4+ b5 15. Qd4 Qxd4 16. cxd4 Kd7 17. Nb3 Kd6 18. f3 Rac8 19. Kd2 Nd7 20. Rac1 Rc4 21. Na5 Rcc8 22. Nb7+ Ke7 23. b3 a5 24. Nxa5 Ra8 25. b4 Nb6 26. Rc7+ Kf6 27. e4 Nc4+ 28. Nxc4 Rxa2+ 29. Ke3 dxc4 30. e5+ Kg5 31. g3 Rha8 32. h4+ Kh6 33. Rxf7 R8a3+ 34. Kf4 Rd2 35. Kg4 Rxd4+ 36. f4 c3 37. h5 c2 38. Rc7 Rdd3 39. hxg6+ Kxg6 40. Rg1 Rdc3 41. Rxc3 Rxc3 42. Rc1 Kf7 43. Kh4 Ke7 44. g4 Kd7 45. Kg5 Kc6 46. Kg6 Kd5 47. Kxg7 Ke4 48. Kf6 Kxf4 49. g5 Kg4 50. g6 Kh5 51. g7 Rf3+ 52. Kxe6 Rg3 53. Rh1+ Kg6 54. g8=Q# 1-0


[Site "https://www.chess.com"]